 Dungeon Crawl Stone Soup version 0.30.0 (webtiles) character file.

Game seed: 3372773048787082457

3003 Ayyar the Covert (level 9, -1/35 (39) HPs)
             Began as a Spriggan Enchanter on May 24, 2023.
             Was a Follower of Dithmenos.
             Slain by a wight
             ... wielding a +1 battleaxe
              (7 damage)
             ... on level 7 of the Dungeon.
             The game lasted 00:35:37 (6954 turns).

Ayyar the Covert (Spriggan Enchanter)               Turns: 6954, Time: 00:35:38

HP:   -1/35 (39)    AC:  5    Str:  8    XL:     9   Next: 54%
MP:   7/19          EV: 25    Int: 16    God:    Dithmenos [*.....]
Gold: 440           SH:  0    Dex: 16    Spells: 18/20 levels left

rFire   + . .        a - +1 dagger (speed)
rCold   . . .        (no shield)
rNeg    . . .        w - +0 steam dragon scales
rPois   .            (helmet restricted)
rElec   .            (no cloak)
rCorr   .            (gloves unavailable)
SInv    +            (boots unavailable)
Will    +....        (no amulet)
Stlth   ++++++       d - +5 ring of evasion
HPRegen 0.25/turn    g - ring of protection from fire
MPRegen 0.16/turn

%: no passive effects
@: wreathed by umbra, heavily drained, very quick
A: very small, no large weapons, unfitting armour, see invisible, speed 3
a: Renounce Religion


You were on level 7 of the Dungeon.
You worshipped Dithmenos.
Dithmenos was aware of your devotion.
You visited 2 branches of the dungeon, and saw 8 of its levels.
You also visited: Sewer.

You collected 440 gold pieces.

Inventory:

Hand Weapons
 a - a +1 dagger of speed (weapon)
 y - a +2 dagger of protection
 z - a +2 dagger of venom
 D - a +2 dagger of freezing
Missiles
 e - 2 throwing nets
 v - 5 poisoned darts (quivered)
Armour
 w - +0 steam dragon scales (worn)
Jewellery
 d - a +5 ring of evasion (left hand)
 g - a ring of protection from fire (right hand)
 B - a ring of protection from fire
 E - a ring of wizardry
Scrolls
 i - 5 scrolls of teleportation {unknown}
 j - a scroll of enchant weapon {unknown}
 k - a scroll of acquirement {unknown}
 o - 4 scrolls of magic mapping {unknown}
 p - 2 scrolls of poison
 r - a scroll of enchant armour {unknown}
 s - 2 scrolls of noise {unknown}
 x - 3 scrolls of identify {unknown}
 A - a scroll of fog {unknown}
Potions
 b - a potion of lignification {unknown}
 c - a potion of invisibility
 f - a potion of mutation {unknown}
 h - 2 potions of curing
 l - 2 potions of haste {unknown}
 m - a potion of might {unknown}
 n - a potion of brilliance {unknown}
 q - a potion of flight {unknown}
 t - 2 potions of attraction {unknown}
 u - a potion of heal wounds
 F - a potion of resistance {unknown}
 G - a potion of cancellation {unknown}
 H - a potion of degeneration {unknown}


   Skills:
 * Level 7.2 Short Blades
 + Level 4.1 Throwing
 + Level 6.5 Dodging
 * Level 11.1 Stealth
 + Level 6.2 Spellcasting
 + Level 6.5 Hexes
 - Level 2.0 Ice Magic


You had 18 spell levels left.
You knew the following spells:

 Your Spells              Type           Power      Damage    Failure   Level
a - Ensorcelled Hibernat  Hex/Ice        36%        N/A       3%          2

Your spell library contained the following spells:

 Spells                   Type           Power      Damage    Failure   Level
 Confusing Touch          Hex            25%        N/A       2%          3
 Tukima's Dance           Hex            25%        N/A       2%          3
 Dazzling Flash           Conj/Hex       30%        N/A       11%         3
 Summon Guardian Golem    Hex/Summ       15%        N/A       11%         3
 Summon Small Mammal      Summ           16%        N/A       14%         1
 Call Canine Familiar     Summ           4%         N/A       38%         3


Dungeon Overview and Level Annotations

Branches:
Dungeon (7/15)             Temple (1/1) D:5           Sewer (visited)

Altars:
Ashenzari
Cheibriados
Dithmenos
Elyvilon
Gozag
Hepliaklqana
Kikubaaqudgha
Makhleb
Nemelex Xobeh
Okawaru
Ru
Sif Muna
Trog
Vehumet
Wu Jian
Xom
Yredelemnul
The Shining One

Shops:
D:3 *

Annotations:
D:2 Robin
D:4 2 transporters, MuseOD's ghost, amateur GrFi


Innate Abilities, Weirdness & Mutations

You are very small and have problems with some larger weapons.
You are too small for most types of armour.
You have supernaturally acute eyesight. (SInv)
You cover ground extremely quickly. (Speed+++)


Message History

You hit the wight but do no damage.
The wight is moderately damaged.
The wight hits you with a +1 battleaxe!
You feel drained.
You hit the wight but do no damage.
The wight is moderately damaged.
You closely miss the wight.
The wight is moderately damaged.
The wight completely misses you.
You barely miss the wight.
The wight is moderately damaged.
You hit the wight but do no damage.
The wight is moderately damaged.
You hit the wight but do no damage.
The wight is moderately damaged.
The wight completely misses you.
You barely miss the wight.
The wight is moderately damaged.
You hit the wight but do no damage.
The wight is moderately damaged.
The wight misses you.
You hit the wight.
The wight is moderately damaged.
You hit the wight but do no damage.
The wight is moderately damaged.
You hit the wight.
The wight is heavily damaged.
The wight completely misses you.
You hit the wight but do no damage.
The wight is heavily damaged.
You hit the wight but do no damage.
The wight is heavily damaged.
The wight completely misses you.
You hit the wight but do no damage.
The wight is heavily damaged.
You hit the wight.
The wight is heavily damaged.
The wight hits you with a +1 battleaxe!
* * * LOW HITPOINT WARNING * * *
You feel drained.
You die...

#....z...z...#
#.....z[.......
#....z.......... .
#............... ..
####..(........##.# ..
...#............. g.
...#.z....# .#
..........###########(##
...#.......))...@z))(.(#
...#.#..############.......
.<.....## ###..#. .##..###
... ....## . #####


You could see a wight.

Vanquished Creatures
  Maggie (D:7)
  Grinder (D:5)
  A steam dragon (D:6)
  Eustachio (D:5)
  Menkaure (D:5)
  2 water moccasins
  A black bear (D:5)
  An orc warrior (D:5)
  A centaur (D:6)
  3 ogres
  A bullfrog (D:5)
  A gnoll sergeant (D:7)
  A wyvern zombie (D:5)
  4 wights (D:7)
  A howler monkey (D:4)
  2 centaur zombies (D:5)
  A bullfrog zombie (D:5)
  4 jellies
  4 hounds
  2 gnoll boudas
  An orc priest (D:6)
  2 iguanas (D:5)
  5 orc wizards
  A scorpion zombie (D:5)
  17 gnolls
  8 adders
  A worm (D:4)
  2 dart slugs
  11 orcs
  6 ball pythons
  9 bats
  5 endoplasms
  4 giant cockroaches
  5 goblins
  4 hobgoblins
  6 kobolds
  4 quokkas
  A frilled lizard (D:2)
  6 rats
132 creatures vanquished.

Vanquished Creatures (others)
  A human (D:6)
  An orc priest (D:6)
  An orc (D:6)
3 creatures vanquished.

Grand Total: 135 creatures vanquished

Notes
Turn   | Place    | Note
-------+----------+-------------------------------------------
     0 | D:1      | Ayyar the Spriggan Enchanter began the quest for the Orb.
     0 | D:1      | Reached XP level 1. HP: 9/9 MP: 5/5
   109 | D:1      | Reached XP level 2. HP: 11/13 MP: 6/6
   507 | D:2      | Reached skill level 5 in Stealth
   597 | D:2      | Found a faded altar of an unknown god.
   711 | D:2      | Reached XP level 3. HP: 16/16 MP: 8/8
   736 | D:2      | Noticed Robin
  1421 | D:3      | Found Goocoj's Assorted Antiques.
  1708 | D:3      | Learned a level 2 spell: Ensorcelled Hibernation
  1860 | D:3      | Reached XP level 4. HP: 21/21 MP: 9/9
  2162 | D:4      | Found a glowing drain.
  2180 | Sewer    | Entered a sewer
  2220 | Sewer    | Noticed a water moccasin
  2241 | Sewer    | Killed a water moccasin
  2242 | Sewer    | Reached skill level 6 in Stealth
  2242 | Sewer    | Reached XP level 5. HP: 11/24 MP: 4/11
  2358 | D:4      | Found a transporter.
  2396 | D:5      | Entered Level 5 of the Dungeon
  2471 | D:4      | Reached skill level 1 in Throwing
  2529 | D:4      | Reached skill level 1 in Ice Magic
  2756 | D:4      | Reached XP level 6. HP: 15/28 MP: 12/12
  3180 | D:5      | Reached skill level 7 in Stealth
  3210 | D:5      | Found a basalt altar of Yredelemnul.
  3247 | D:5      | Reached XP level 7. HP: 13/32 MP: 14/14
  3553 | D:5      | Found a staircase to the Ecumenical Temple.
  3573 | Temple   | Entered the Ecumenical Temple
  3655 | Temple   | Became a worshipper of Dithmenos the Shadowed
  3700 | D:5      | Found a sparkling altar of Nemelex Xobeh.
  3734 | D:5      | Reached skill level 5 in Hexes
  3810 | D:5      | Noticed Menkaure
  3812 | D:5      | Killed Menkaure
  3813 | D:5      | Reached skill level 8 in Stealth
  3849 | D:5      | Reached skill level 5 in Short Blades
  3849 | D:5      | Reached XP level 8. HP: 36/36 MP: 14/16
  3857 | D:5      | Reached skill level 5 in Dodging
  4036 | D:4      | Noticed MuseOD's ghost (amateur GrFi)
  4040 | D:4      | Found a transporter.
  4394 | D:4      | Reached skill level 5 in Spellcasting
  4555 | D:5      | Noticed Eustachio
  4557 | D:5      | Killed Eustachio
  4558 | D:5      | Reached skill level 9 in Stealth
  5409 | D:6      | Reached * piety under Dithmenos
  5461 | D:6      | Noticed Grinder
  5506 | D:5      | Paralysed by Grinder for 3 turns
  5701 | D:5      | Killed Grinder
  5702 | D:5      | Reached skill level 10 in Stealth
  5702 | D:5      | Reached XP level 9. HP: 34/39 MP: 18/18
  6187 | D:6      | Found a shimmering blue altar of Sif Muna.
  6242 | D:6      | Found an ancient bone altar of Kikubaaqudgha.
  6896 | D:7      | Noticed Maggie
  6903 | D:7      | Killed Maggie
  6904 | D:7      | Reached skill level 11 in Stealth
  6954 | D:7      | Slain by a wight

Illustrated notes

Levels and vault maps discovered:
D:1:      tarquinn_simple_flora_water_d, layout_rooms
D:2:      layout_basic, shapermc_ecumenical_altar_notcrosses,
          serial_park_tiny_2, uniq_robin
D:3:      layout_basic, serial_shops, nicolae_shop_real_fake_doors
D:4:      layout_layer_cave, gammafunk_ghost_arena, portal_sewer_entry_f
D:5:      layout_loops_cross, nemelex_dance_club_becter,
          nicolae_yredelemnul_corpse_copse, minmay_temple_entry_stoned_glass,
          hangedman_decor_slide_cut, uniq_menkaure, uniq_eustachio
D:6:      nicolae_whirlpool, layout_basic, led_sif_book, tgw_kikubaaqudgha,
          uniq_grinder
D:7:      layout_rooms, zin_purify, uniq_maggie
Temple:   zaba_magenta_temple

Skill      XL: |  1  2  3  4  5  6  7  8  9 |
---------------+----------------------------+-----
Dodging        | 3 4 5 6 |  6.5
Stealth        | 5 6 7 8 10 11 | 11.1
Spellcasting   | 3 4 5 6 |  6.2
Short Blades   | 2 3 5 6 7 |  7.2
Hexes          | 4 5 6 |  6.5
Throwing       | 1 2 3 4 |  4.1
Ice Magic      | 1 2 |  2.0

Action                     |  1- 3 |  4- 6 |  7- 9 || total
---------------------------+-------+-------+-------++-------
  Melee: Dagger            |   147 |   176 |   292 ||   615
         Punch             |       |       |     4 ||     4
  Throw: Dart              |       |     7 |    20 ||    27
         Throwing net      |       |       |     2 ||     2
   Cast: Ensorcelled Hiber |       |    11 |    65 ||    76
    Use: Potion            |       |     2 |     3 ||     5
         Scroll            |       |     1 |       ||     1
   Stab: Sleeping          |     7 |    13 |    52 ||    72
         Invisible         |       |     2 |       ||     2
         Distracted        |       |       |     1 ||     1
 Armour: Robe              |     7 |     5 |     3 ||    15
         Steam dragon scal |       |       |     1 ||     1
  Dodge: Dodged            |    77 |   148 |   132 ||   357
